 Seeded DCSS version 0.30.1-3-gfc49f6343a (webtiles) character file.

Game seed: 920673320228942481 (custom seed)

4 McKennaii the Conjurer (level 1, 12/14 HPs)
             Began as a Demigod Conjurer on July 23, 2023.
             Quit the game on level 1 of the Dungeon.
             The game lasted 00:00:14 (682 turns).

McKennaii the Conjurer (Demigod Conjurer)            Turns: 682, Time: 00:00:15

Health: 12/14      AC:  2    Str:  8    XL:     1   Next: 40%
Magic:  4/5        EV:  9    Int: 20    God:
Gold:   36         SH:  0    Dex: 12    Spells: 2/3 levels left

rFire   . . .        (no weapon)
rCold   . . .        (no shield)
rNeg    . . .        a - +0 robe
rPois   .            (no helmet)
rElec   .            (no cloak)
rCorr   .            (no gloves)
SInv    .            (no boots)
Will    .....        (no amulet)
Stlth   ++           (no ring)
HPRegen 0.22/turn    (no ring)
MPRegen 0.09/turn

%: no passive effects
@: constricted
A: high MP 1, forlorn, divine attributes
a: no special abilities


You were on level 1 of the Dungeon.
You visited 1 branch of the dungeon, and saw 1 of its levels.

You collected 36 gold pieces.

Inventory:

Armour
 a - a +0 robe (worn)
Jewellery
 f - a ring of wizardry
Scrolls
 g - a scroll of acquirement
Potions
 b - a potion of magic
 c - a potion of cancellation {unknown}
 d - a potion of mutation {unknown}
 e - a potion of resistance {unknown}


   Skills:
 - Level 1.7 Dodging
 - Level 1.7 Stealth
 + Level 1.9 Spellcasting
 + Level 3.7 Conjurations


You had 2 spell levels left.
You knew the following spells:

 Your Spells              Type           Power      Damage    Failure   Level
a - Magic Dart            Conj           64%        1d6       3%          1

Your spell library contained the following spells:

 Spells                   Type           Power      Damage    Failure   Level
 Searing Ray              Conj           32%        2d5       5%          2
 Dazzling Flash           Conj/Hex       18%        N/A       22%         3
 Fulminant Prism          Conj/Hex       4%         3d5       58%         4
 Iskenderun's Mystic Bla  Conj/Tloc      9%         2d4       58%         4


Dungeon Overview and Level Annotations

Branches:
Dungeon (1/15)


Innate Abilities, Weirdness & Mutations

You have an increased reservoir of magic. (+10% MP)
You shall have no god before yourself.
Your divine heritage dramatically boosts your attributes as you level up.


Message History

You open the door.
There is an open door here.
You open the door.
There is an open door here.
Key pressed, stopping explore.
You can't see any susceptible monsters within range! (Use Z to cast anyway.) Key pressed, stopping explore.
You can't see any susceptible monsters within range! (Use Z to cast anyway.)
There is a stone staircase leading down here.
Found a scale mail.
You can't see any susceptible monsters within range! (Use Z to cast anyway.)
You see here a +0 hand axe.
Key pressed, stopping explore.
You can't see any susceptible monsters within range! (Use Z to cast anyway.)
A bat comes into view.
The magic dart hits the bat.
You kill the bat!
You see here a bat corpse.
Key pressed, stopping explore.
You can't see any susceptible monsters within range! (Use Z to cast anyway.)
You see here a +0 scale mail.
Key pressed, stopping explore.
You can't see any susceptible monsters within range! (Use Z to cast anyway.)
You now have 36 gold pieces (gained 11).
Key pressed, stopping explore.
You can't see any susceptible monsters within range! (Use Z to cast anyway.)
You see here a +0 scale mail.
Key pressed, stopping explore.
You can't see any susceptible monsters within range! (Use Z to cast anyway.)
A ball python comes into view.
The magic dart hits the ball python.
The ball python is heavily wounded.
The ball python hisses angrily.
This is a scroll of acquirement!
Something appears at your feet! The ball python closely misses you. x2
The ball python barely misses you. The ball python grabs you.
The ball python constricts you. Something appears at your feet!
The ball python bites you. The ball python constricts you.
Are you sure you want to abandon this character and quit the game? (Confirm with "yes".)

### ..#
#######.#######
......S........
#@# #.# #.#
#####.# ##
..#...# >#
#.##.##
.###########.##.#
.#........##.##.#
.#.######.##.##.#


You could see a ball python.

Vanquished Creatures
  A dart slug (D:1)
  A ball python (D:1)
  A bat (D:1)
3 creatures vanquished.

Notes
Turn   | Place    | Note
-------+----------+-------------------------------------------
     0 | D:1      | McKennaii the Demigod Conjurer began the quest for the Orb.
     0 | D:1      | Reached XP level 1. HP: 14/14 MP: 5/5
   680 | D:1      | Identified 3 scrolls of acquirement
   680 | D:1      | Acquired an amulet of regeneration
   681 | D:1      | Acquired the ring of Kofov {rElec AC+4}
   682 | D:1      | Quit the game

Illustrated notes

Levels and vault maps discovered:
D:1:      dpeg_arrival_orchard, layout_basic

Action                     || total
---------------------------++-------
   Cast: Magic Dart        ||     9
    Use: Scroll            ||     2
  Dodge: Dodged            ||     4
